 Dungeon Crawl Stone Soup version 0.22.1-2-g9c5b331 (webtiles) character file.

23714 Fang the Cleaver (level 13, -7/83 HPs)
             Began as a Gargoyle Berserker on Dec 17, 2018.
             Was a High Priest of Trog.
             Mangled by a death yak (12 damage)
             ... on level 3 of the Lair of Beasts.
             The game lasted 00:20:09 (14150 turns).

Fang the Cleaver (Gargoyle Berserker)              Turns: 14150, Time: 00:20:10

Health: -7/83      AC: 23    Str: 26    XL:     13   Next: 8%
Magic:  22/22      EV: 10    Int:  8    God:    Trog [*****.]
Gold:   745        SH:  0    Dex:  9    Spells: 12/12 levels left

rFire    . . .     SeeInvis .   G - +3 battleaxe (freeze)
rCold    . . .     Gourm    .   (shield currently unavailable)
rNeg     + . .     Faith    .   h - +0 chain mail
rPois    ∞         Spirit   .   a - +2 hat {MR+}
rElec    +         Reflect  .   (no cloak)
rCorr    +         Harm     .   (no gloves)
MR       +....                  (no boots)
Stlth    ..........             (no amulet)
HPRegen  0.23/turn              w - ring of resist corrosion
MPRegen  0.18/turn              I - ring of magical power

@: about to teleport
A: negative energy resistance 1, electricity resistance, unbreathing,
petrification resistance, rot immunity, AC +9
a: Berserk, Trog's Hand, Brothers in Arms, Renounce Religion


You were on level 3 of the Lair of Beasts.
You worshipped Trog.
Trog was extremely pleased with you.
You were not hungry.

You visited 3 branches of the dungeon, and saw 14 of its levels.

You collected 745 gold pieces.

Inventory:

Hand Weapons
 t - a +1 war axe
 G - a +3 battleaxe of freezing (weapon)
 J - the +8 lance "Wyrmbane" {slay drac, rPois rF+ rC+ AC+3}
   (You found it on level 8 of the Dungeon)

   It affects your AC (+3).
   It protects you from fire.
   It protects you from cold.
   It protects you from poison.
Armour
 a - a +2 hat of magic resistance (worn)
 h - a +0 chain mail (worn)
 n - a +1 helmet
Jewellery
 s - an uncursed ring of fire
 w - a ring of resist corrosion (left hand)
 A - an uncursed ring of protection from fire
 I - a ring of magical power (right hand)
Wands
 b - a wand of random effects (9)
 l - a wand of digging (21)
 q - a wand of acid (11)
 y - a wand of scattershot (5)
 B - a wand of iceblast (16)
 C - a wand of flame (23)
 E - a wand of paralysis (18)
 F - a wand of disintegration (15)
Scrolls
 d - 5 scrolls of remove curse
 e - a scroll of fog
 i - 6 scrolls of teleportation
 p - a scroll of summoning
 u - a scroll of magic mapping
Potions
 f - 4 potions of invisibility
 g - 2 potions of berserk rage
 j - a potion of flight
 k - a potion of mutation
 m - 5 potions of curing
 o - 2 potions of heal wounds
 r - a potion of agility
 v - 3 potions of haste {unknown}
 x - 2 potions of degeneration {unknown}
 z - a potion of ambrosia {unknown}
 D - 4 potions of brilliance {unknown}
 H - 2 potions of cancellation {unknown}
 L - 2 potions of lignification {unknown}
Comestibles
 c - 21 rations
 K - 10 chunks of flesh


   Skills:
 + Level 10.7 Fighting
 + Level 12.1(13.1) Axes
 + Level 8.7(11.5) Polearms
 + Level 11.0 Armour
 + Level 4.2 Dodging
 + Level 1.8 Stealth


You had 12 spell levels left.
You didn't know any spells.
Your spell library was empty.

Dungeon Overview and Level Annotations

Branches:
Dungeon (10/15)            Temple (1/1) D:5            Lair (3/6) D:10
  Swamp (0/4) Lair:2
  Snake: Lair:2-4    Spider: Lair:2-4       Orc: D:9-12

Altars:
Cheibriados
Dithmenos
Gozag
Makhleb
Nemelex Xobeh
Okawaru
Qazlal
Ru
Sif Muna
Trog
Uskayaw
Vehumet
Wu Jian
Yredelemnul
The Shining One

Shops:
D:6 *   D:7 *(=*


Innate Abilities, Weirdness & Mutations

You are resistant to torment.
Your stone body is resilient. (AC +9)
You are immune to poison.
You resist negative energy. (rN+)
You are resistant to electric shocks. (rElec)
You can survive without breathing.
You are immune to petrification.
You are immune to rotting.


Message History

You slash the death yak! You freeze the death yak. You slice the death yak!!
You freeze the death yak.
The death yak gores you but does no damage.
The death yak closely misses you.
You hit the death yak but do no damage.
The death yak is moderately wounded.
You hit the death yak. You freeze the death yak. You slash the death yak!
You freeze the death yak. The death yak gores you! The death yak gores you!!
You slash the death yak! You freeze the death yak.
The death yak is heavily wounded.
You hit the death yak. You freeze the death yak. You slash the death yak!
You freeze the death yak. You hit the death yak. You freeze the death yak.
The death yak gores you. x2; The death yak gores you!
* * * LOW HITPOINT WARNING * * *
The death yak gores you!
* * * LOW HITPOINT WARNING * * *
As you read the scroll of teleportation, it crumbles to dust.
You feel strangely unstable. The death yak barely misses you.
The death yak gores you!
You die...

...).....P#
......#..............# #
......#.....#........# #
............#.(.....# #
............#.......####
.........>..P.........#.
P#..#tY..........#......
......YYY....#..##......
......Y@........†.......
......Y.................
........................
##.####.#..#.###.P#####.
# ####..## #### ## ####


You could see 6 death yaks and a crocodile.

Vanquished Creatures
  A centaur warrior (D:8)
  A queen ant (Lair:2)
  Urug (Lair:1)
  A flayed ghost (D:8)
  A gargoyle (D:10)
  5 spiny frogs
  5 komodo dragons
  2 hornets
  Grinder (D:3)
  5 blink frogs (Lair:2)
  3 hippogriffs
  Sigmund (D:4)
  2 shadows (D:8)
  4 hogs (D:7)
  3 wraiths (D:8)
  A human (D:7)
  9 yaks
  A basilisk (Lair:1)
  2 fire bats (D:8)
  Menkaure (D:6)
  15 soldier ants (Lair:2)
  3 water moccasins
  5 porcupines
  4 black bears
  2 sky beasts
  A necrophage (D:10)
  4 phantoms
  5 ogres
  17 wolves
  2 ice beasts
  8 centaurs
  4 crocodiles
  A big kobold (D:8)
  16 bullfrogs
  A wyvern zombie (D:10)
  4 scorpions
  2 wyvern skeletons
  11 killer bees
  5 wights
  10 howler monkeys
  2 electric eels (Lair:1)
  A lava snake (Lair:1)
  2 bullfrog zombies
  6 crimson imps
  6 hounds
  A jelly (D:3)
  2 centaur skeletons
  2 quasits (D:8)
  7 orc wizards
  3 bullfrog skeletons
  3 orc priests
  Jessica (D:2)
  2 iguanas
  32 worker ants
  Robin (D:4)
  3 gnolls (D:5)
  11 adders
  2 shadow imps
  An ooze (D:3)
  An adder zombie (D:5)
  2 worms
  7 dart slugs
  6 leopard geckos
  25 orcs
  16 bats
  2 giant cockroaches
  26 goblins
  10 hobgoblins
  22 jackals
  A quokka (D:2)
  3 ball pythons
  2 frilled lizards
  2 goblin skeletons (D:7)
  A hobgoblin zombie (D:7)
  16 kobolds
  2 kobold skeletons (D:7)
  3 kobold zombies (D:7)
  A leopard gecko skeleton (D:6)
  An orc skeleton (D:7)
  2 orc zombies (D:7)
  A quokka skeleton (D:5)
  6 rats
  A plant (Lair:1)
417 creatures vanquished.

Vanquished Creatures (collateral kills)
  Gastronok (Lair:1)
  2 hydras (Lair:1)
  A hungry ghost (D:8)
  Grum (D:10)
  An ice beast (D:8)
  2 wights (D:8)
  A shadow imp (D:10)
  A quokka (D:8)
10 creatures vanquished.

Vanquished Creatures (others)
  7 fungi
  4 plants
11 creatures vanquished.

Grand Total: 438 creatures vanquished

Notes
Turn   | Place    | Note
-------+----------+-------------------------------------------
     0 | D:1      | Fang the Gargoyle Berserker began the quest for the Orb.
     0 | D:1      | Reached XP level 1. HP: 14/14 MP: 1/1
   210 | D:1      | Reached skill level 3 in Axes
   210 | D:1      | Reached XP level 2. HP: 16/19 MP: 2/2
   249 | D:1      | Found a sparkling altar of Nemelex Xobeh.
   681 | D:2      | Reached skill level 1 in Stealth
   681 | D:2      | Reached XP level 3. HP: 24/24 MP: 3/3
   775 | D:2      | Noticed Jessica
   780 | D:2      | Reached ** piety under Trog
   793 | D:2      | Killed Jessica
   793 | D:2      | Reached XP level 4. HP: 21/29 MP: 4/4
  1352 | D:3      | Reached skill level 4 in Axes
  1352 | D:3      | Reached XP level 5. HP: 24/33 MP: 5/5
  1862 | D:3      | Reached XP level 6. HP: 36/39 MP: 6/6
  1971 | D:3      | Noticed a phantom
  2044 | D:3      | Killed a phantom
  2044 | D:3      | Reached skill level 5 in Axes
  2238 | D:3      | Noticed Grinder
  2244 | D:3      | Paralysed by Grinder for 5 turns
  2262 | D:3      | Killed Grinder
  2262 | D:3      | Reached XP level 7. HP: 44/44 MP: 7/7
  2569 | D:3      | Reached *** piety under Trog
  2999 | D:4      | Reached skill level 5 in Fighting
  3067 | D:4      | Noticed Robin
  3077 | D:4      | Reached skill level 6 in Axes
  3095 | D:4      | Killed Robin
  3203 | D:4      | Noticed Sigmund
  3211 | D:4      | Killed Sigmund
  3211 | D:4      | Reached skill level 5 in Armour
  3211 | D:4      | Reached XP level 8. HP: 49/49 MP: 8/8
  3509 | D:4      | Reached **** piety under Trog
  3525 | D:4      | Found a burning altar of Makhleb.
  3847 | D:5      | Entered Level 5 of the Dungeon
  4433 | D:5      | Reached skill level 7 in Axes
  4588 | D:5      | Found a staircase to the Ecumenical Temple.
  4617 | Temple   | Entered the Ecumenical Temple
  4776 | D:5      | Noticed a hornet
  4780 | D:5      | Killed a hornet
  4780 | D:5      | Reached XP level 9. HP: 51/55 MP: 9/9
  4854 | D:5      | Found an ornate altar of the Wu Jian Council.
  4885 | D:6      | Noticed Menkaure
  4892 | D:6      | Killed Menkaure
  4892 | D:6      | Reached skill level 8 in Axes
  5428 | D:6      | Found Jeymueni's General Store.
  5661 | D:7      | Reached skill level 9 in Axes
  6011 | D:7      | Found Sogedwis's Jewellery Boutique.
  6031 | D:7      | Found Afes's Antique Weapon Boutique.
  6120 | D:7      | Found a glowing golden altar of the Shining One.
  6149 | D:7      | Reached ***** piety under Trog
  6219 | D:7      | Found Nyjez's General Store.
  6387 | D:7      | Reached XP level 10. HP: 47/63 MP: 10/10
  6393 | D:7      | Reached skill level 10 in Axes
  6555 | D:7      | Found Eleasal's General Store.
  6876 | D:8      | Noticed a centaur warrior
  6894 | D:8      | Killed a centaur warrior
  6946 | D:8      | HP: 1/64 [ice beast (12)]
  7271 | D:8      | Found an opulent altar of Gozag.
  7310 | D:8      | Found a runed door.
  7323 | D:8      | Reached skill level 11 in Axes
  7560 | D:8      | Found a shadowy altar of Dithmenos.
  7573 | D:8      | Found an iron altar of Okawaru.
  7582 | D:8      | Found a deep blue altar of Sif Muna.
  7737 | D:8      | Found a bloodstained altar of Trog.
  7753 | D:8      | Found a shadowy altar of Dithmenos.
  7774 | D:8      | Received a gift from Trog
  7868 | D:8      | Found a shadowy altar of Dithmenos.
  7958 | D:8      | Reached XP level 11. HP: 65/69 MP: 11/11
  8633 | D:8      | Noticed a flayed ghost
  8634 | D:8      | Found the +8 lance "Wyrmbane" {slay drac, rPois rF+ rC+
                  | AC+3}
  8639 | D:8      | Killed a flayed ghost
  8912 | D:9      | Found a faded altar of an unknown god.
  8912 | D:9      | Found a hide-covered altar of Uskayaw.
  8917 | D:9      | Found a basalt altar of Yredelemnul.
  8919 | D:9      | Found a faded altar of an unknown god.
  8920 | D:9      | Found a stormy altar of Qazlal.
  9084 | D:9      | Found a bloodstained altar of Trog.
  9160 | D:9      | Received a gift from Trog
  9188 | D:9      | Reached skill level 1 in Polearms
  9726 | D:10     | Entered Level 10 of the Dungeon
  9772 | D:10     | Noticed Grum
  9790 | D:10     | Killed Grum
 10260 | D:10     | Found a snail-covered altar of Cheibriados.
 10668 | D:10     | Found a staircase to the Lair.
 10755 | Lair:1   | Entered Level 1 of the Lair of Beasts
 10755 | Lair:1   | Noticed Gastronok
 10755 | Lair:1   | Noticed a six-headed hydra
 10760 | Lair:1   | Noticed Urug
 10767 | Lair:1   | Noticed a five-headed hydra
 10767 | Lair:1   | Killed Gastronok
 10767 | Lair:1   | Reached skill level 5 in Polearms
 10771 | Lair:1   | Killed a six-headed hydra
 10774 | Lair:1   | Killed a five-headed hydra
 11025 | Lair:1   | Killed Urug
 11025 | Lair:1   | Reached XP level 12. HP: 53/77 MP: 12/12
 11526 | Lair:1   | Found a dark tunnel.
 11561 | Lair:1   | Reached skill level 10 in Fighting
 12055 | Lair:2   | Reached skill level 10 in Armour
 12073 | Lair:2   | Noticed a queen ant
 12114 | Lair:2   | Killed a queen ant
 12379 | Lair:2   | Received a gift from Trog
 12473 | Lair:2   | Found a staircase to the Swamp.
 12599 | Lair:2   | Found a frozen archway.
 14023 | Lair:3   | Reached skill level 12 in Axes
 14028 | Lair:3   | Reached XP level 13. HP: 66/83 MP: 13/13
 14150 | Lair:3   | Mangled by a death yak

Skill      XL: |  1  2  3  4  5  6  7  8  9 10 11 12 13 |
---------------+----------------------------------------+-----
Axes           | 3 4 5 6 7 9 11 12 | 12.1
Stealth        | 1 |  1.8
Fighting       | 4 5 6 7 8 9 10 | 10.7
Dodging        | 2 3 4 |  4.2
Armour         | 3 4 5 6 7 8 9 10 11 | 11.0
Polearms       | 5 8 |  8.7

Action                   |  1- 3 |  4- 6 |  7- 9 | 10-12 | 13-15 || total
-------------------------+-------+-------+-------+-------+-------++-------
Melee: Hand axe          |    71 |   237 |   248 |       |       ||   556
       War axe           |       |       |   240 |    63 |       ||   303
       Battleaxe         |       |       |       |   242 |    32 ||   274
       Lance             |       |       |       |   669 |       ||   669
Invok: Berserk           |       |     2 |     6 |     5 |       ||    13
       Brothers in Arms  |       |       |       |     3 |       ||     3
  Use: Scroll            |       |       |       |    17 |     1 ||    18
       Potion            |       |       |       |     1 |       ||     1
  Eat: Chunk             |       |     6 |    20 |    20 |     2 ||    48
       Ration            |       |       |       |     3 |       ||     3
Armor: Animal skin       |     7 |       |       |       |       ||     7
       Scale mail        |    19 |    15 |       |       |       ||    34
       Chain mail        |       |   143 |   355 |   622 |    24 ||  1144
Dodge: Dodged            |    32 |   104 |   236 |   496 |    16 ||   884
